 Dungeon Crawl Stone Soup version 0.25-a0-190-g27fffb8 (webtiles) character file.

Game seed: 5576694471217119871, levelgen mode: deterministic

126083 Bane the Warrior (level 17, -3/223 HPs)
             Began as a Formicid Fighter on Nov 29, 2019.
             Was the Champion of Okawaru.
             Slain by a shock serpent (6 damage)
             ... on level 1 of the Snake Pit on Nov 30, 2019.
             The game lasted 01:21:45 (19561 turns).

Bane the Warrior (Formicid Fighter)                Turns: 19561, Time: 01:21:46

Health: -3/223     AC: 28    Str: 31    XL:     17   Next: 17%
Magic:  0/23       EV:  2    Int: 10    God:    Okawaru [******]
Gold:   1670       SH: 13    Dex: 10    Spells: 16/16 levels left

rFire    . . .     SeeInvis .   S - +7 battleaxe of the Kidney {flame, +Fly Int+2}
rCold    . . .     Gourm    .   c - +0 shield
rNeg     + + +     Faith    .   (armour currently unavailable)
rPois    +         Spirit   +   (helmet unavailable)
rElec    .         Reflect  .   (cloak currently unavailable)
rCorr    .         Harm     .   (gloves currently unavailable)
MR       +....                  (boots currently unavailable)
Stlth    +.........             l - amulet of guardian spirit
HPRegen  0.47/turn              w - +6 ring of evasion
MPRegen  0.18/turn              v - +3 ring of strength

@: tree-form, studying Air Magic
A: permanent stasis, dig shafts and tunnels, four strong arms
}: 1/15 runes: decaying
a: Heroism, Finesse, Renounce Religion


You were on level 1 of the Snake Pit.
You worshipped Okawaru.
Okawaru was exalted by your worship.
You were near starving.
You were a tree.
You visited 5 branches of the dungeon, and saw 24 of its levels.
You also visited: Sewer and Volcano.

You collected 1670 gold pieces.

Inventory:

Hand Weapons
 A - a +2 arbalest of freezing
 M - a +4 vampiric war axe
 S - the +7 battleaxe of the Kidney (weapon) {flame, +Fly Int+2}
   (Okawaru gifted it to you on level 2 of the Lair of Beasts)

   It has been specially enchanted to burn those struck by it, causing extra
   injury to most foes and up to half again as much damage against particularly
   susceptible opponents.
   Big, fiery blades are also staple armaments of hydra-hunters.
   It affects your intelligence (+2).
   It lets you fly.
Armour
 c - a +0 shield (worn)
 G - a +0 pair of gloves (melded)
 I - the +5 crystal plate armour "Joituhoy" (melded) {rPois Str+4 Int-3 Dex+2}
   (Okawaru gifted it to you on level 11 of the Dungeon)

   It affects your strength (+4).
   It affects your intelligence (-3).
   It affects your dexterity (+2).
   It protects you from poison.
 V - a +1 pair of boots of flying (melded)
Jewellery
 b - an uncursed ring of positive energy
 i - an uncursed ring of protection from cold
 l - an amulet of guardian spirit (around neck)
 n - the amulet "Teonoedgh" {RegenMP MR+}
   (You found it on level 4 of the Dungeon)

   [amulet of magic regeneration]

   It increases your magic regeneration.
   It affects your resistance to hostile enchantments.
 v - a +3 ring of strength (right branch)
 w - a +6 ring of evasion (left branch)
 R - an uncursed ring of protection from fire
Wands
 a - a wand of clouds (5)
 J - a wand of acid (28)
 T - a wand of digging (5)
Scrolls
 h - 13 scrolls of remove curse
 p - 17 scrolls of identify
 s - 2 scrolls of magic mapping
 t - 3 scrolls of amnesia {unknown}
 y - 3 scrolls of enchant weapon {unknown}
 z - 5 scrolls of fog {unknown}
 C - a scroll of acquirement {unknown}
 E - 6 scrolls of random uselessness {unknown}
 K - a scroll of immolation
 N - a scroll of enchant armour {unknown}
 Q - 3 scrolls of silence {unknown}
 W - 2 scrolls of blinking {unknown}
 X - a scroll of summoning {unknown}
Potions
 d - 5 potions of might
 e - 6 potions of flight
 g - 5 potions of lignification
 j - 3 potions of heal wounds {unknown}
 k - 6 potions of brilliance {unknown}
 m - 9 potions of curing {unknown}
 o - 3 potions of degeneration {unknown}
 r - 3 potions of haste {unknown}
 u - a potion of mutation {unknown}
 x - 5 potions of agility {unknown}
 B - a potion of magic {unknown}
 D - 2 potions of invisibility {unknown}
 P - 2 potions of berserk rage {unknown}
 U - a potion of cancellation {unknown}
 Y - a potion of resistance {unknown}
Books
 q - a manual of Air Magic
Comestibles
 f - 35 rations


   Skills:
 * Level 18.0 Fighting
 + Level 13.6 Axes
 + Level 4.4 Crossbows
 + Level 13.5 Armour
 + Level 9.7 Dodging
 - Level 10.5 Shields
 - Level 8.1 Invocations


You had 16 spell levels left.
You didn't know any spells.
Your spell library contained the following spells:

 Spells                   Type           Power        Failure   Level  Hunger
 Animate Skeleton         Necr           N/A          36%         1    ##.....
 Apportation              Tloc           #.....       36%         1    ##.....
 Confusing Touch          Hex            #.....       36%         1    ##.....
 Summon Butterflies       Summ           #.......     36%         1    ##.....
 Summon Small Mammal      Summ           #...         36%         1    ##.....
 Call Imp                 Summ           #.......     50%         2    ###....
 Call Canine Familiar     Summ           #.......     75%         3    ####...
 Confuse                  Hex            #.......     75%         3    ####...
 Gell's Gravitas          Tloc           #.........   75%         3    ####...
 Lesser Beckoning         Tloc           #.........   75%         3    ####...
 Summon Guardian Golem    Hex/Summ       #.......     75%         3    ####...
 Tukima's Dance           Hex            #.......     75%         3    ####...
 Cause Fear               Hex            #.........   98%         4    #####..
 Petrify                  Tmut/Erth      #.......     98%         4    #####..
 Summon Ice Beast         Ice/Summ       #.......     98%         4    #####..
 Summon Lightning Spire   Summ/Air       #.......     98%         4    #####..
 Alistair's Intoxication  Tmut/Pois      #.......     100%        5    ######.
 Metabolic Englaciation   Hex/Ice        #.........   100%        5    ######.
 Silence                  Hex/Air        #.........   100%        5    ######.
 Yara's Violent Unravell  Hex/Tmut       #.........   100%        5    ######.
 Deflect Missiles         Chrm/Air       #.........   100%        6    #######
 Invisibility             Hex            #.......     100%        6    #######
 Discord                  Hex            #.........   100%        8    #######


Dungeon Overview and Level Annotations

Branches:
Dungeon (12/15)            Temple (1/1) D:4            Lair (6/6) D:9
  Swamp (4/4) Lair:2        Snake (1/4) Lair:4        Slime (0/5) Lair:6
    Orc (0/2) D:11          Sewer (visited)         Volcano (visited)

Altars:
Ashenzari
Cheibriados
Dithmenos
Elyvilon
Fedhas
Gozag
Hepliaklqana
Kikubaaqudgha
Makhleb
Nemelex Xobeh
Okawaru
Qazlal
Ru
Sif Muna
Trog
Uskayaw
Vehumet
Wu Jian
Xom
Yredelemnul
Zin
The Shining One
Jiyva

Annotations:
D:11 exclusions: obsidian statue and orange crystal statue
Lair:1 1 runed translucent door, exclusion: oklob plant, lessens's ghost, journeyman SpAs
Lair:3 1 runed translucent door, Burgerman5000's ghost, journeyman MfSk


Innate Abilities, Weirdness & Mutations

You cannot be hasted, slowed, berserked, paralysed or teleported.
You can dig through walls and to a lower floor.
Your four strong arms can wield two-handed weapons with a shield.
((You have a pair of large antennae on your head. (SInv)))


Message History

* * * LOW HITPOINT WARNING * * *
You block the shock serpent's attack.
Okay, then.
Okay, then.
It was a potion of lignification.
You turn into a tree.
Your +0 pair of gloves melds into your body.
Your +1 pair of boots of flying melds into your body.
The +5 crystal plate armour "Joituhoy" {rPois Str+4 Int-3 Dex+2} melds into your body.
Your roots penetrate the ground.
The shock serpent bites you but does no damage.
You slice the shock serpent!! You burn the shock serpent.
The shock serpent is almost dead.
The shock serpent's electric aura discharges violently, shocking you!
* * * LOW HITPOINT WARNING * * *
The shock serpent bites you.
* * * LOW HITPOINT WARNING * * *
The shock serpent shocks you!
* * * LOW HITPOINT WARNING * * *
The shock serpent bites you!
You die...

##########
#...##...##
##...##....#
####..........#
#....######...#
# #.#### ##.##
# #♣# #.# #S#
#.# #.# ###.###
#.. #.....# #..
#.....# #...
#.....### #.##
###.#...# ...
#.#...#
#####......


You could see a shock serpent.

Vanquished Creatures
  2 thorn hunters
  A very ugly thing (Swamp:4)
  A stone giant (Volcano)
  2 green deaths (Swamp:4)
  A fire dragon (Lair:6)
  Snorg (D:12)
  A death ooze (Swamp:4)
  19 hydras
  2 naga warriors (Snake:1)
  2 anacondas (Snake:1)
  2 shambling mangroves (Swamp:2)
  2 hell beasts (Swamp:4)
  4 two-headed ogres
  4 alligators (Swamp:1)
  5 death yaks
  Urug (Lair:1)
  Sonja (Lair:6)
  A naga sharpshooter (Snake:1)
  A fire crab (Lair:6)
  4 unseen horrors
  7 swamp dragons
  A spriggan druid (Swamp:3)
  Pikel (D:5)
  A deep elf mage (D:12)
  3 mana vipers (Snake:1)
  A manticore (D:11)
  An oklob plant (Lair:3)
  9 ugly things (Swamp:4)
  3 elephants (Lair:2)
  4 guardian serpents
  2 naga magi (Snake:1)
  2 torpor snails
  10 black mambas
  17 spiny frogs
  2 molten gargoyles (Lair:6)
  3 rime drakes
  4 kobold demonologists
  An efreet (Volcano)
  9 komodo dragons
  6 polar bears
  3 trolls
  7 tyrant leeches
  7 hornets
  11 bog bodies
  18 slime creatures
  11 hippogriffs
  26 blink frogs
  5 shadows
  A spriggan (D:7)
  44 yaks
  A fire elemental (Volcano)
  6 fire bats (Volcano)
  A wraith (D:11)
  3 basilisks
  Grum (D:10)
  3 wyverns
  Eustachio (D:6)
  Menkaure (D:7)
  5 steam dragons
  A small abomination (Swamp:4)
  6 vampire mosquitoes
  A hungry ghost (D:12)
  5 nagas (Snake:1)
  2 acid dragons
  15 swamp worms
  3 large abominations
  17 water moccasins
  A soldier ant (D:11)
  5 orc warriors
  9 porcupines
  5 hell hounds (Lair:6)
  Purgy (Sewer)
  5 swamp drakes
  4 sky beasts
  A hornet zombie (D:6)
  4 ice beasts (D:9)
  6 ogres
  3 phantoms
  16 wolves
  15 centaurs
  10 crocodiles
  5 big kobolds
  Blork the orc (D:6)
  2 earth elementals (Volcano)
  17 bullfrogs
  A wyvern skeleton (D:10)
  4 scorpions
  3 killer bees (D:10)
  A water moccasin skeleton (D:10)
  4 wights (D:12)
  2 howler monkeys (D:5)
  3 electric eels
  15 lava snakes
  A centaur zombie (D:10)
  9 crimson imps
  A bullfrog zombie (D:9)
  9 hounds
  13 jellies
  A centaur skeleton (D:3)
  10 orc priests
  2 gnoll shamans
  3 iron imps (D:7)
  8 orc wizards
  4 hell rats (Lair:3)
  An iguana (D:11)
  9 worker ants
  2 worker ant zombies
  Robin (D:2)
  A howler monkey zombie (D:6)
  10 gnolls
  12 adders
  4 shadow imps
  4 white imps (D:9)
  An ufetubus (D:9)
  14 oozes (Lair:3)
  An adder skeleton (D:8)
  A worm (D:5)
  3 dart slugs (D:1)
  2 adder simulacra (D:9)
  7 leopard geckos
  42 orcs
  3 ball pythons
  6 bats
  8 giant cockroaches
  7 hobgoblins
  6 jackals
  3 quokkas
  8 frilled lizards
  16 goblins
  A jackal simulacrum (D:9)
  2 jackal skeletons
  37 kobolds
  A leopard gecko zombie (D:7)
  A quokka zombie (D:5)
  12 rats
  2 plants
781 creatures vanquished.

Vanquished Creatures (others)
  Jorgrun (Swamp:2)
  2 briar patches (Swamp:4)
  9 fungi
  7 plants
19 creatures vanquished.

Grand Total: 800 creatures vanquished

Notes
Turn   | Place    | Note
-------+----------+-------------------------------------------
     0 | D:1      | Bane the Formicid Fighter began the quest for the Orb.
     0 | D:1      | Reached XP level 1. HP: 18/18 MP: 1/1
   210 | D:1      | Reached XP level 2. HP: 20/24 MP: 2/2
   436 | D:1      | Reached XP level 3. HP: 30/30 MP: 3/3
   841 | D:2      | Noticed Robin
   853 | D:2      | Killed Robin
   853 | D:2      | Reached skill level 4 in Fighting
   853 | D:2      | Reached XP level 4. HP: 27/37 MP: 4/4
  1070 | D:2      | Found an iron altar of Okawaru.
  1073 | D:2      | Became a worshipper of Warmaster Okawaru
  1234 | D:3      | Found a glowing drain.
  1246 | Sewer    | Entered a sewer
  1338 | Sewer    | Noticed Purgy
  1351 | Sewer    | Killed Purgy
  1351 | Sewer    | Reached * piety under Okawaru
  1351 | Sewer    | Reached skill level 5 in Shields
  1351 | Sewer    | Reached XP level 5. HP: 29/43 MP: 2/5
  1371 | Sewer    | Reached XP level 6. HP: 37/49 MP: 6/6
  1686 | D:3      | Found an opulent altar of Gozag.
  2019 | D:4      | Reached skill level 5 in Fighting
  2062 | D:4      | Reached XP level 7. HP: 30/56 MP: 5/7
  2082 | D:4      | Got a coiled golden amulet
  2175 | D:4      | Found a shimmering altar of Xom.
  2674 | D:4      | Found a staircase to the Ecumenical Temple.
  2680 | Temple   | Entered the Ecumenical Temple
  2916 | D:5      | Entered Level 5 of the Dungeon
  2958 | D:5      | Reached ** piety under Okawaru
  2971 | D:5      | Reached XP level 8. HP: 60/64 MP: 5/8
  2990 | D:5      | Reached skill level 6 in Fighting
  3252 | D:5      | Found a glowing golden altar of the Shining One.
  3254 | D:5      | Reached skill level 5 in Axes
  3361 | D:5      | Reached skill level 5 in Armour
  3395 | D:5      | Noticed Pikel
  3436 | D:5      | Killed Pikel
  3436 | D:5      | Reached *** piety under Okawaru
  3436 | D:5      | Reached skill level 7 in Fighting
  3436 | D:5      | Reached skill level 1 in Invocations
  3436 | D:5      | Reached XP level 9. HP: 44/72 MP: 5/10
  3478 | D:5      | Found an ancient bone altar of Kikubaaqudgha.
  3566 | D:5      | Found a sparkling altar of Nemelex Xobeh.
  3920 | D:6      | Noticed Blork the orc
  3928 | D:6      | Killed Blork the orc
  3972 | D:6      | Identified the amulet "Teonoedgh" {RegenMP MR+} (You found
                  | it on level 4 of the Dungeon)
  4216 | D:6      | Found a shimmering blue altar of Sif Muna.
  4216 | D:6      | Noticed Eustachio
  4231 | D:6      | Killed Eustachio
  4271 | D:6      | Reached **** piety under Okawaru
  4670 | D:7      | Found an ornate altar of the Wu Jian Council.
  4685 | D:7      | Reached skill level 8 in Fighting
  4923 | D:7      | Found a stormy altar of Qazlal.
  4936 | D:7      | Reached XP level 10. HP: 80/80 MP: 12/12
  4938 | D:7      | Noticed Menkaure
  4950 | D:7      | Killed Menkaure
  5081 | D:7      | Found a burning altar of Makhleb.
  5789 | D:8      | Found a basalt altar of Yredelemnul.
  5915 | D:8      | Found a shadowy altar of Dithmenos.
  5925 | D:8      | Found a hide-covered altar of Uskayaw.
  6083 | D:8      | Reached skill level 9 in Fighting
  6277 | D:9      | Noticed a two-headed ogre
  6291 | D:9      | Killed a two-headed ogre
  6291 | D:9      | Reached ***** piety under Okawaru
  6291 | D:9      | Reached skill level 5 in Invocations
  6303 | D:9      | Reached XP level 11. HP: 30/89 MP: 5/14
  6312 | D:9      | Reached skill level 10 in Shields
  6577 | D:9      | Reached skill level 10 in Fighting
  6806 | D:9      | Found a staircase to the Lair.
  6884 | D:9      | Found a snail-covered altar of Cheibriados.
  6890 | D:9      | Noticed a two-headed ogre
  6901 | D:9      | Killed a two-headed ogre
  6901 | D:9      | Received a gift from Okawaru
  7120 | D:9      | Got a transparent rapier
  7121 | D:9      | Identified the cursed +3 rapier "Qacofy" {vamp, +Inv rC-
                  | Str+3} (You found it on level 9 of the Dungeon)
  7153 | D:9      | Found a radiant altar of Vehumet.
  7223 | D:10     | Entered Level 10 of the Dungeon
  7351 | D:10     | Noticed Grum
  7371 | D:10     | Killed Grum
  7613 | D:10     | Found a snail-covered altar of Cheibriados.
  7927 | D:11     | Noticed an unseen horror
  7932 | D:11     | Killed an unseen horror
  7958 | D:11     | Noticed a two-headed ogre
  7964 | D:11     | Killed a two-headed ogre
  7964 | D:11     | Received a gift from Okawaru
  7964 | D:11     | Reached skill level 1 in Dodging
  7964 | D:11     | Reached XP level 12. HP: 80/99 MP: 13/17
  8019 | D:11     | Reached ****** piety under Okawaru
  8019 | D:11     | Reached skill level 11 in Fighting
  8075 | D:11     | Got a transparent spear
  8076 | D:11     | Identified the cursed +1 spear of Udefei {flame, MR++ Int+7
                  | Dex-4} (You found it on level 11 of the Dungeon)
  8260 | D:11     | Reached skill level 10 in Axes
  8264 | D:11     | Noticed an unseen horror
  8283 | D:11     | Killed an unseen horror
  8283 | D:11     | Received a gift from Okawaru
  8283 | D:11     | Noticed a soul eater
  8284 | D:11     | Got a brightly glowing crystal plate armour {god gift}
  8285 | D:11     | Noticed a sixfirhy
  8304 | D:12     | Identified the +5 crystal plate armour "Joituhoy" {rPois
                  | Str+4 Int-3 Dex+2} (Okawaru gifted it to you on level 11 of
                  | the Dungeon)
  8508 | D:11     | Noticed a six-headed hydra
  8532 | D:11     | Killed a six-headed hydra
  8532 | D:11     | Reached skill level 12 in Fighting
  8683 | D:11     | Found a staircase to the Orcish Mines.
  8886 | D:12     | Noticed an unseen horror
  8946 | D:12     | Killed an unseen horror
  8946 | D:12     | Reached XP level 13. HP: 109/109 MP: 19/19
  8958 | D:12     | Noticed Snorg
  8994 | D:12     | Killed Snorg
  9772 | Lair:1   | Entered Level 1 of the Lair of Beasts
  9793 | Lair:1   | Noticed Urug
  9819 | Lair:1   | Killed Urug
  9819 | Lair:1   | Reached skill level 13 in Fighting
  9958 | Lair:1   | Reached skill level 10 in Armour
 10127 | Lair:1   | Reached skill level 5 in Dodging
 10338 | Lair:1   | Found a runed translucent door.
 10339 | Lair:1   | Noticed lessens's ghost (journeyman SpAs)
 10658 | Lair:2   | Noticed a four-headed hydra
 10667 | Lair:2   | Noticed a four-headed hydra
 10679 | Lair:2   | Killed a four-headed hydra
 10863 | Lair:2   | Killed a four-headed hydra
 11010 | Lair:2   | Received a gift from Okawaru
 11011 | Lair:2   | Got a fine battleaxe {god gift}
 11016 | Lair:2   | Identified the +7 battleaxe of the Kidney {flame, +Fly
                  | Int+2} (Okawaru gifted it to you on level 2 of the Lair of
                  | Beasts)
 11067 | Lair:2   | Found a staircase to the Swamp.
 11117 | Lair:2   | Reached skill level 14 in Fighting
 11138 | Lair:2   | Reached XP level 14. HP: 120/120 MP: 20/20
 11717 | Lair:3   | Received a gift from Okawaru
 12084 | Lair:3   | Found a white marble altar of Elyvilon.
 12266 | Lair:3   | Found a shimmering altar of Xom.
 12266 | Lair:3   | Noticed Burgerman5000's ghost (journeyman MfSk)
 12267 | Lair:3   | Found a runed translucent door.
 12396 | Lair:4   | Found a staircase to the Snake Pit.
 12552 | Lair:4   | Reached skill level 15 in Fighting
 13546 | Lair:5   | Received a gift from Okawaru
 13668 | Lair:5   | Found a bloodstained altar of Trog.
 14342 | Lair:6   | Entered Level 6 of the Lair of Beasts
 14356 | Lair:6   | Noticed Sonja
 14375 | Lair:6   | Reached XP level 15. HP: 114/129 MP: 21/21
 14395 | Lair:6   | Killed Sonja
 14409 | Lair:6   | Found a dark tunnel.
 14563 | Volcano  | Entered a volcano
 14658 | Volcano  | Received a gift from Okawaru
 14683 | Volcano  | Noticed a stone giant
 14710 | Volcano  | Killed a stone giant
 14727 | Volcano  | Found a burning altar of Makhleb.
 14835 | Lair:6   | Found a staircase to the Slime Pits.
 14835 | Lair:6   | Found a viscous altar of Jiyva.
 15301 | Lair:6   | Reached skill level 16 in Fighting
 15373 | Lair:6   | Upgraded the game from 0.25-a0-185-g6cfeca7 to
                  | 0.25-a0-190-g27fffb8
 15438 | Lair:6   | Received a gift from Okawaru
 15455 | Lair:6   | Found a large runed translucent door.
 15459 | Lair:6   | Found a large runed translucent door.
 15963 | Swamp:1  | Entered Level 1 of the Swamp
 16703 | Swamp:2  | Noticed Jorgrun
 16723 | Swamp:2  | Killed Jorgrun
 17129 | Swamp:3  | Reached XP level 16. HP: 139/139 MP: 22/22
 17138 | Swamp:3  | Noticed a thorn hunter
 17149 | Swamp:3  | Killed a thorn hunter
 17149 | Swamp:3  | Received a gift from Okawaru
 17706 | Swamp:4  | Entered Level 4 of the Swamp
 17706 | Swamp:4  | Noticed a thorn hunter
 17721 | Swamp:4  | Reached skill level 1 in Crossbows
 17723 | Swamp:4  | Reached skill level 17 in Fighting
 17728 | Swamp:4  | Killed a thorn hunter
 17753 | Swamp:3  | Received a gift from Okawaru
 17934 | Lair:6   | Got a shimmering war axe {god gift}
 17935 | Lair:6   | Identified the +5 war axe of Gloom {drain, +Fly Str+6 Int+2
                  | Dex-5} (Okawaru gifted it to you on level 6 of the Lair of
                  | Beasts)
 19184 | Swamp:4  | Got a decaying rune of Zot
 19363 | Snake:1  | Entered Level 1 of the Snake Pit
 19366 | Snake:1  | Reached XP level 17. HP: 149/149 MP: 23/23
 19370 | Snake:1  | Received a gift from Okawaru
 19553 | Snake:1  | Reached skill level 18 in Fighting
 19561 | Snake:1  | HP: 3/223 [shock serpent (11)]
 19561 | Snake:1  | Slain by a shock serpent

Levels and vault maps discovered:
D:1:      minmay_arrival_widening_spiral_wide, layout_basic,
          hangedman_decor_growths, item_on_display_a
D:2:      layout_rooms, lemuel_doored_altar, uniq_robin
D:3:      layout_rooms, grunt_gozag_statues, portal_sewer_entry_f,
          kennysheep_generic_room_16
D:4:      layout_cave_pods, xom_butterflies,
          minmay_temple_entry_enclosed_plants, minmay_manual_mares
D:5:      layout_basic, old_standard_altar, old_standard_altar,
          kiku_gazebo_pond_becter, first_ration, uniq_pikel
D:6:      layout_basic, lemuel_round_altar, uniq_blork_the_orc, uniq_eustachio
D:7:      minmay_inner_zag, layout_basic, grunt_qazlal_sundering, demons_altar,
          kennysheep_little_box, the_bakery, uniq_menkaure
D:8:      layout_loops_corners, lemuel_crystal_altar,
          nicolae_overflow_hidden_temple, grunt_dithmenos_smoke_and_mirrors
D:9:      layout_gridville, vehumet_altar_wand_db, lair_entry_dummy, serial_ice,
          serial_ice_g, serial_ice_j, serial_ice_c, serial_ice_f, serial_ice_b,
          serial_ice_e, cheibriados_altar_1
D:10:     layout_irregular_city, basic_altar, uniq_grum
D:11:     nrook_guardian_serpent_snake_passage, layout_basic, orc_0_dummy,
          david_greed
D:12:     layout_basic, uniq_snorg
Temple:   grunt_temple_mini_profane
Lair:1:   layout_roguey, ebering_ghost_inner_flame, minmay_lair_oklob_chamber,
          lemuel_fruit_fields, uniq_urug
Lair:2:   layout_loops_ring, swamp_mist, nzn_random_ring, grunt_megastairs_2,
          lemuel_fruit_fields, infiniplex_staircase_pool_2
Lair:3:   lemuel_slime, layout_hall_layers, basic_altar, ebering_ghost_xom,
          cheibrodos_lair_lostbears
Lair:4:   layout_cave_pods, minmay_snake_entry_spellcaster,
          guppyfry_lair_drakes, serial_bayou_shore_a
Lair:5:   layout_cave_pods, basic_altar, chequers_serial_rivers_marsh
Lair:6:   cheibrodos_lair_end_hotspot, layout_regular_city, slime_altar_1,
          nicolae_volcano_entry_hallway, uniq_sonja
Swamp:1:  layout_basic_swamp, evilmike_swamp_ruin_house_2, swamp_pool3,
          infiniplex_staircase_pool
Swamp:2:  layout_basic_swamp, evilmike_swamp_ruin_house_6, uniq_jorgrun
Swamp:3:  layout_basic_swamp, evilmike_swamp_ruin_rubble_1, swamp_pool1
Swamp:4:  swamp_vile, layout_basic_swamp, swamp_pool4
Snake:1:  layout_misc_corridors

Skill      XL: |  1  2  3  4  5  6  7  8  9 10 11 12 13 14 15 16 17 |
---------------+----------------------------------------------------+-----
Shields        | 4 5 6 7 8 9 10 | 10.5
Fighting       | 4 5 7 8 9 10 12 14 15 16 17 18 | 18.0
Axes           | 3 4 5 6 8 9 10 11 12 13 | 13.6
Armour         | 4 5 6 7 8 9 10 11 12 13 | 13.5
Invocations    | 1 3 5 6 8 |  8.1
Dodging        | 1 3 5 7 8 9 |  9.7
Crossbows      | 4 |  4.4

Action                   |  1- 3 |  4- 6 |  7- 9 | 10-12 | 13-15 | 16-18 || total
-------------------------+-------+-------+-------+-------+-------+-------++-------
Melee: War axe           |    75 |   170 |   328 |   607 |   825 |     7 ||  2012
       Broad axe         |       |       |       |   125 |       |       ||   125
       Spear             |       |       |       |    11 |   115 |       ||   126
       Battleaxe         |       |       |       |       |   259 |   263 ||   522
Invok: Heroism           |       |       |     2 |     3 |       |     2 ||     7
 Abil: Dig               |       |       |     1 |       |     6 |       ||     7
  Use: Scroll            |       |     4 |     1 |     2 |     1 |       ||     8
       Potion            |       |     1 |       |       |       |     2 ||     3
 Stab: Confused          |       |       |       |       |     3 |       ||     3
  Eat: Chunk             |       |     4 |    10 |    18 |    28 |     3 ||    63
       Ration            |       |       |       |       |       |     1 ||     1
Armor: Scale mail        |    34 |    66 |    82 |    82 |       |       ||   264
       Crystal plate arm |       |       |       |    97 |   500 |   135 ||   732
       Skin              |       |       |       |       |       |     1 ||     1
Dodge: Dodged            |    31 |    58 |   145 |   392 |   571 |   198 ||  1395
Block: Shield            |    40 |   103 |   193 |   495 |   758 |   203 ||  1792

Table legend:
 A = Non-vault XP
 B = Vault XP
 C = Vault XP percentage of total XP
 D = Non-vault monster count
 E = Vault monster count
 F = Vault count percentage of total count
                 A         B        C        D         E       F
            +---------+---------+-------+---------+---------+-------
      Total |  112378 |   49170 |  30.4 |     592 |     188 |  24.1
            +---------+---------+-------+---------+---------+-------
        D:1 |      42 |       0 |   0.0 |      22 |       0 |   0.0
        D:2 |      27 |      30 |  52.6 |      19 |       8 |  29.6
        D:3 |     135 |      17 |  11.2 |      17 |       7 |  29.2
        D:4 |     299 |     218 |  42.2 |      10 |       2 |  16.7
        D:5 |     730 |     629 |  46.3 |      30 |       1 |   3.2
        D:6 |     851 |     285 |  25.1 |      18 |       2 |  10.0
        D:7 |     428 |     744 |  63.5 |      19 |       9 |  32.1
        D:8 |    1425 |       0 |   0.0 |      42 |       0 |   0.0
        D:9 |    4102 |    1353 |  24.8 |      42 |      16 |  27.6
       D:10 |    1577 |     543 |  25.6 |      25 |       4 |  13.8
       D:11 |    8535 |     897 |   9.5 |      39 |       2 |   4.9
       D:12 |    7794 |    1078 |  12.2 |      49 |       1 |   2.0
     Lair:1 |    3072 |     855 |  21.8 |      20 |       1 |   4.8
     Lair:2 |    5238 |    6292 |  54.6 |      21 |      15 |  41.7
     Lair:3 |    9178 |    1809 |  16.5 |      33 |      25 |  43.1
     Lair:4 |    7774 |    1229 |  13.7 |      31 |       5 |  13.9
     Lair:5 |    3756 |       0 |   0.0 |      13 |       0 |   0.0
     Lair:6 |    7905 |    8887 |  52.9 |      28 |      29 |  50.9
    Swamp:1 |    8526 |       0 |   0.0 |      21 |       0 |   0.0
    Swamp:2 |    5812 |    1832 |  24.0 |      18 |       1 |   5.3
    Swamp:3 |    7508 |     151 |   2.0 |      15 |       1 |   6.2
    Swamp:4 |   18479 |   18388 |  49.9 |      43 |      30 |  41.1
    Snake:1 |    9185 |       0 |   0.0 |      17 |       0 |   0.0
      Sewer |       0 |     156 | 100.0 |       0 |       8 | 100.0
    Volcano |       0 |    3777 | 100.0 |       0 |      21 | 100.0
            +---------+---------+-------+---------+---------+-------
